 Dungeon Crawl Stone Soup version 0.29-a0-582-ge82337ba6a (webtiles) character file.

Game seed: 8215836172718203210

2087 mandarbmax the Archer (level 9, -8/63 HPs)
             Began as a Barachi Hunter on June 15, 2022.
             Was a Believer of Cheibriados.
             Killed by an exploding Pikel (44 damage)
             ... ignited by their inner flame
             ... on level 6 of the Dungeon.
             The game lasted 00:17:07 (4927 turns).

mandarbmax the Archer (Barachi Hunter)              Turns: 4927, Time: 00:17:08

Health: -8/63      AC: 10    Str: 16    XL:     9   Next: 27%
Magic:  9/9        EV: 13    Int: 13    God:    Cheibriados [**....]
Gold:   266        SH:  0    Dex: 25    Spells: 6/8 levels left

rFire   . . .      SeeInvis .   a - +1 shortbow
rCold   . . .      Faith    .   (shield currently unavailable)
rNeg    . . .      Spirit   .   y - +0 troll leather armour {Pargi}
rPois   .          Reflect  .   q - +2 helmet
rElec   .          Harm     .   (no cloak)
rCorr   +          Rampage  .   (no gloves)
Will    .....                   i - +2 pair of boots
Stlth   +++.......              (no amulet)
HPRegen 1.00/turn               v - ring of resist corrosion
MPRegen 0.11/turn               (no ring)

@: unable to hop, very slow
A: amphibious, slowness 1, strong legs 1, +LOS
a: Hop, Renounce Religion, Bend Time


You were on level 6 of the Dungeon.
You worshipped Cheibriados.
Cheibriados was pleased with you.
You visited 2 branches of the dungeon, and saw 7 of its levels.
You also visited: Sewer.

You collected 266 gold pieces.

Inventory:

Hand Weapons
 a - a +1 shortbow (weapon)
Armour
 i - a +2 pair of boots (worn)
 q - a +2 helmet (worn)
 y - a +0 troll leather armour (worn) {Pargi}
Jewellery
 v - a ring of resist corrosion (left hand)
Wands
 g - a wand of polymorph (4)
Scrolls
 b - a scroll of amnesia {unknown}
 c - a scroll of immolation
 e - 3 scrolls of vulnerability
 k - 2 scrolls of teleportation
 o - a scroll of silence {unknown}
 r - a scroll of fog {unknown}
 s - 2 scrolls of enchant weapon {unknown}
 t - a scroll of fear {unknown}
 x - a scroll of identify
Potions
 d - a potion of lignification
 f - a potion of brilliance
 h - 2 potions of curing {unknown}
 j - a potion of degeneration
 l - 2 potions of might
 m - 3 potions of mutation
 n - a potion of attraction
 p - a potion of resistance
 u - 4 potions of flight
 w - a potion of cancellation


   Skills:
 - Level 3.0 Fighting
 * Level 11.8 Bows
 - Level 2.1 Dodging
 - Level 4.0 Stealth


You had 6 spell levels left.
You knew the following spells:

 Your Spells              Type           Power      Damage    Failure   Level
a - Call Imp              Summ           0%         N/A       50%         2

Your spell library contained the following spells:

 Spells                   Type           Power      Damage    Failure   Level
 Foxfire                  Conj/Fire      0%         2x1d4     36%         1
 Magic Dart               Conj           0%         1d3       36%         1
 Conjure Flame            Conj/Fire      0%         6-21      75%         3
 Inner Flame              Hex/Fire       0%         N/A       75%         3
 Mephitic Cloud           Conj/Pois/Air  0%         N/A       75%         3
 Ozocubu's Armour         Ice            0%         N/A       75%         3
 Flame Wave               Conj/Fire      0%         2d4       98%         4
 Metabolic Englaciation   Hex/Ice        0%         N/A       100%        5
 Simulacrum               Ice/Necr       0%         N/A       100%        6


Dungeon Overview and Level Annotations

Branches:
Dungeon (6/15)             Temple (1/1) D:5           Sewer (visited)

Altars:
Cheibriados
Dithmenos
Fedhas
Gozag
Kikubaaqudgha
Makhleb
Nemelex Xobeh
Okawaru
Qazlal
Ru
Sif Muna
Trog
Uskayaw
Vehumet
Wu Jian
Xom
Yredelemnul
Zin


Innate Abilities, Weirdness & Mutations

You are amphibious.
You cover ground slowly.
You can hop short distances.
You have an extended range of vision and can be seen from far away.


Message History

Flame seeps out of the lemure.
The lemure barely misses you.
Shoot: a) +1 shortbow
Press: ? - help, Q - select action, (/) - cycle Shift-Dir - straight line, f/p - lemure
Aim: a lemure (inner flame, 65% to hit)
Okay, then.
The lemure attacks as you move away! The lemure closely misses you.
Pikel closely misses you.
The lemure is engulfed in blazing flames.
Flame seeps out of the lemure.
Pikel hits you with a +0 whip of electrocution.
You are electrocuted!!
The lemure barely misses you. The lemure hits you but does no damage.
Okay, then.
Shoot: a) +1 shortbow
Press: ? - help, Q - select action, (/) - cycle Shift-Dir - straight line, f/p - lemure
Aim: a lemure (inner flame, 65% to hit)
Okay, then.
Shoot: a) +1 shortbow
Press: ? - help, Q - select action, (/) - cycle Shift-Dir - straight line, f - lemure, p - lemure
Aim: a lemure (inner flame, 65% to hit)
You shoot an arrow. The arrow hits the lemure!
Flame seeps out of the lemure.
The lemure is moderately wounded.
The lemure is engulfed in blazing flames.
Flame seeps out of the lemure.
The lemure hits you but does no damage.
Pikel says, "You'll freeze in Cocytus!"
Pikel hits you but does no damage. The lemure hits you!
Unknown command.
Shoot: a) +1 shortbow
Press: ? - help, Q - select action, (/) - cycle Shift-Dir - straight line, f - lemure
Aim: a lemure (inner flame, 65% to hit)
You shoot an arrow. The arrow hits Pikel.
Flame seeps out of Pikel.
Pikel is almost dead.
Pikel is engulfed in blazing flames.
Cheibriados appreciates the change of pace.
With Pikel's spell broken, his former minions thank you for their freedom.
The lemure departs this earthly plane. x3
Pikel explodes!
The fiery explosion engulfs you!!!
Ouch! That really hurt!
You die...

#...###....###
#..#......#
.....55.#........#
......5.##.......#
........ ###....##
........ #....#
........ ##§..#
........... #○○§##
...........#
##@§## #.........#
##...# #.....
##....# #....
##.....# #....#
##..##..#
#...###..####.#
#...#..## #..#
#....## #.##
##..## ...


There were no monsters in sight!

Vanquished Creatures
  Pikel (D:6)
  A steam dragon (D:5)
  2 orc warriors (D:6)
  An ice beast (D:5)
  Pargi (Sewer)
  2 black bears
  2 phantoms
  3 bullfrogs
  3 scorpions
  3 necrophages (D:5)
  2 hounds
  4 orc priests
  Jessica (D:2)
  Terence (D:3)
  3 iguanas
  4 orc wizards
  Robin (D:3)
  3 gnolls (D:6)
  12 adders
  2 worms (D:5)
  2 dart slugs
  28 orcs
  8 ball pythons
  9 endoplasms
  4 giant cockroaches
  14 hobgoblins
  3 jackals (D:2)
  2 quokkas
  6 bats
  3 frilled lizards
  16 goblins
  7 kobolds
  4 rats
158 creatures vanquished.

Notes
Turn   | Place    | Note
-------+----------+-------------------------------------------
     0 | D:1      | mandarbmax the Barachi Hunter began the quest for the Orb.
     0 | D:1      | Reached XP level 1. HP: 17/17 MP: 1/1
    71 | D:1      | Reached XP level 2. HP: 23/23 MP: 2/2
   659 | D:2      | Reached XP level 3. HP: 26/29 MP: 3/3
   708 | D:2      | Found a shimmering altar of Xom.
   811 | D:2      | Reached skill level 5 in Bows
   984 | D:2      | Noticed Jessica
   988 | D:2      | Killed Jessica
   989 | D:2      | Reached XP level 4. HP: 21/35 MP: 4/4
  1166 | D:3      | Reached XP level 5. HP: 41/41 MP: 5/5
  1169 | D:3      | Reached skill level 6 in Bows
  1203 | D:3      | Noticed a phantom
  1221 | D:3      | Killed a phantom
  1517 | D:3      | HP: 1/41 [orc/+0 hand axe (5)]
  1829 | D:3      | Reached XP level 6. HP: 47/47 MP: 6/6
  1845 | D:3      | Noticed Terence
  1849 | D:3      | Killed Terence
  1850 | D:3      | Reached skill level 7 in Bows
  1953 | D:3      | Noticed Robin
  1962 | D:3      | Reached skill level 1 in Stealth
  1975 | D:3      | Killed Robin
  2746 | D:4      | Reached XP level 7. HP: 52/52 MP: 7/7
  2818 | D:4      | Reached skill level 8 in Bows
  3352 | D:5      | Entered Level 5 of the Dungeon
  3395 | D:5      | Found a glowing drain.
  3412 | Sewer    | Entered a sewer
  3469 | Sewer    | Learned a level 2 spell: Call Imp
  3484 | Sewer    | Noticed Pargi
  3496 | Sewer    | Killed Pargi
  3655 | D:5      | Found a staircase to the Ecumenical Temple.
  3668 | Temple   | Entered the Ecumenical Temple
  3766 | Temple   | Became a worshipper of Cheibriados the Contemplative
  3865 | D:5      | Reached skill level 9 in Bows
  3865 | D:5      | Reached XP level 8. HP: 55/58 MP: 8/8
  3947 | D:5      | Reached * piety under Cheibriados
  4012 | D:5      | Reached skill level 10 in Bows
  4539 | D:6      | Found a shimmering altar of Xom.
  4582 | D:6      | Reached skill level 11 in Bows
  4582 | D:6      | Reached XP level 9. HP: 32/63 MP: 9/9
  4639 | D:6      | Found a stormy altar of Qazlal.
  4788 | D:6      | Reached ** piety under Cheibriados
  4904 | D:6      | Noticed Pikel
  4927 | D:6      | Killed Pikel
  4927 | D:6      | Killed by an exploding Pikel... ignited by their inner
                  | flame

Illustrated notes

Levels and vault maps discovered:
D:1:      lemuel_arrival_behind_the_door_large, layout_basic
D:2:      layout_rooms, basic_altar, uniq_jessica
D:3:      layout_basic, uniq_robin, uniq_terence
D:4:      minmay_recursive_quarters, layout_rooms, chequers_garden
D:5:      layout_basic, minmay_temple_entry_slanted,
          cheibrodos_sewer_entry_bend, minmay_fractal_squares_diagonal_5
D:6:      layout_cave_pods, mainiacjoe_overflow_catwalk_spiral,
          grunt_decor_fettered, minivault_19, uniq_pikel, uniq_menkaure
Temple:   kb_temple_of_zot

Skill      XL: |  1  2  3  4  5  6  7  8 |
---------------+-------------------------+-----
Fighting       | 3 |  3.0
Bows           | 5 6 7 9 11 | 11.8
Stealth        | 2 3 4 |  4.0
Dodging        | |  2.1

Action                   |  1- 3 |  4- 6 |  7- 9 || total
-------------------------+-------+-------+-------++-------
 Fire: Shortbow          |    82 |   139 |   291 ||   512
 Abil: Hop               |       |     2 |     8 ||    10
Evoke: Wand              |       |       |     3 ||     3
  Use: Potion            |       |     1 |     3 ||     4
       Scroll            |       |       |    14 ||    14
Armor: Leather armour    |    12 |    19 |    10 ||    41
       Troll leather arm |       |       |    41 ||    41
Dodge: Dodged            |    18 |    39 |    82 ||   139

Table legend: (Time is in decaauts)
 A = Elapsed time spent in this place.
 B = Non-inter-level travel time spent in this place.
 C = Inter-level travel time spent in this place.
 D = Time resting spent in this place.
 E = Time spent auto-exploring this place.
 F = Levels seen in this place.
 G = Mean time per level.
                   A        B        C        D        E       F      G
               +--------+--------+--------+--------+--------+-----+--------+
         Total |   5883 |   5664 |    219 |    299 |   4330 |   8 |  735.4 |
       Dungeon |   5563 |   5379 |    184 |    299 |   4149 |   6 |  927.2 |
        Temple |    142 |    108 |     34 |      0 |     92 |   1 |  142.0 |
         Sewer |    177 |    177 |      0 |      0 |     89 |   1 |  177.0 |
               +--------+--------+--------+--------+--------+-----+--------+

Top non-repeatable levels by time:
     D:3: 1322 daAuts
     D:5: 1246 daAuts
     D:4: 1090 daAuts
     D:1: 777 daAuts
     D:2: 571 daAuts
     D:6: 553 daAuts
   Sewer: 177 daAuts
  Temple: 142 daAuts
